 Dungeon Crawl Stone Soup version 0.30-a0-737-gf23d94013f (webtiles) character file.

Game seed: 13235704575989858588

69244 DeathSun the Brawler (level 14, -9/119 (126) HPs)
             Began as a Yellow Draconian Transmuter on Feb 1, 2023.
             Was the Champion of Makhleb.
             Killed from afar by a jorogumo (37 damage)
             ... with a bolt of negative energy
             ... on level 3 of the Lair of Beasts.
             The game lasted 01:16:35 (23726 turns).

DeathSun the Brawler (Yellow Draconian Transmuter) Turns: 23726, Time: 01:16:36

HP:   -9/119 (126)  AC: 10    Str: 18    XL:     14   Next: 89%
MP:   21/22         EV: 22    Int: 13    God:    Makhleb [******]
Gold: 1677          SH:  5    Dex: 18    Spells: 10/17 levels left

rFire   + . .      SeeInvis .      - Unarmed
rCold   . . .      Faith    .    (no shield)
rNeg    . . .      Spirit   .    (body armour unavailable)
rPois   .          Reflect  +    (helmet currently unavailable)
rElec   +          Harm     .    t - +0 cloak
rCorr   +          Rampage  .    N - +0 pair of gloves
Will    ++...                    (boots currently unavailable)
Stlth   ++                       K - amulet of reflection
HPRegen 0.39/turn                n - ring of the Everdark {rF+ Will+ EV+5 Slay+2}
MPRegen 0.18/turn                F - ring "Oppimpir" {+Blink rElec Dex+6}

@: appendages, slowed, drained, very slow
A: horns 2, talons 2, spit acid, AC +8, unfitting armour, acidic bite,
cold-blooded, acid resistance, deterioration 1
a: Breathe Acid, End Transformation, Renounce Religion, Evoke Blink, Minor
Destruction, Lesser Servant of Makhleb, Major Destruction, Greater Servant of
Makhleb


You were on level 3 of the Lair of Beasts.
You worshipped Makhleb.
Makhleb was exalted by your worship.
You had temporarily grown beastly horns and talons.
You visited 4 branches of the dungeon, and saw 21 of its levels.
You also visited: Sewer and Bailey.

You collected 2969 gold pieces.
You spent 1292 gold pieces at shops.

Inventory:

Missiles
 k - 7 datura-tipped darts
 z - 2 throwing nets
Armour
 i - a +0 pair of boots
 q - the +2 pair of slick slippers (melded) {slick, slippery, EV+5}
   (You bought it in a shop on level 2 of the Orcish Mines)

   Slick:     Its wearer cannot be constricted, engulfed, netted or webbed.
   Slippery:  It slips away from damaging melee attacks, pulling the attacker
   onward.
   EV:        It affects your evasion (+5).
 t - a +0 cloak (worn)
 M - an orb of energy
 N - a +0 pair of gloves (worn)
 W - a scarf of invisibility
Jewellery
 l - a ring of see invisible
 n - the ring of the Everdark (left hand) {rF+ Will+ EV+5 Slay+2}
   (You found it on level 4 of the Dungeon)

   [ring of evasion]

   EV:        It affects your evasion (+5).
   Slay:      It affects your accuracy & damage with ranged weapons and melee
   (+2).
   rF:        It protects you from fire.
   Will:      It increases your willpower.
 F - the ring "Oppimpir" (right hand) {+Blink rElec Dex+6}
   (You found it on level 9 of the Dungeon)

   [ring of dexterity]

   Dex:       It affects your dexterity (+6).
   rElec:     It insulates you from electricity.
   +Blink:    It lets you blink.
 G - a ring of ice
 K - an amulet of reflection (around neck)
 O - a +6 ring of dexterity
 P - a ring of protection from fire
 S - a +4 ring of protection
Wands
 e - a wand of acid (14)
 s - a wand of flame (34)
 A - a wand of paralysis (23)
 C - a wand of mindburst (16)
 L - a wand of polymorph (8)
 V - a wand of digging (5)
Scrolls
 b - 3 scrolls of vulnerability
 f - 6 scrolls of amnesia
 g - 6 scrolls of noise
 h - 3 scrolls of silence
 j - a scroll of blinking
 m - 10 scrolls of teleportation
 w - 2 scrolls of enchant weapon
 y - a scroll of enchant armour
 B - 2 scrolls of brand weapon
 D - 3 scrolls of poison {unknown}
 E - 2 scrolls of fear {unknown}
 J - 2 scrolls of immolation {unknown}
 Q - 2 scrolls of magic mapping
 T - 3 scrolls of identify
Potions
 a - 3 potions of ambrosia {unknown}
 c - 2 potions of berserk rage {unknown}
 d - 5 potions of attraction
 o - 3 potions of curing
 p - 2 potions of cancellation {unknown}
 r - 2 potions of magic
 u - 4 potions of lignification
 v - 2 potions of brilliance {unknown}
 x - 2 potions of haste
 H - 2 potions of mutation {unknown}
 I - 3 potions of flight {unknown}
 R - a potion of degeneration {unknown}
 U - 2 potions of might {unknown}


   Skills:
 * Level 12.0 Fighting
 * Level 8.5 Dodging
 - Level 16.1 Unarmed Combat
 - Level 2.0 Spellcasting
 * Level 9.9 Transmutations
 - Level 7.0 Ice Magic
 - Level 10.9 Invocations
 - Level 6.0 Evocations


You had 10 spell levels left.
You knew the following spells:

 Your Spells              Type           Power      Damage    Failure   Level
a - Beastly Appendage     Tmut           54%        N/A       1%          1
b - Wereblood             Tmut           27%        N/A       1%          2
c - Ice Form              Ice/Tmut       23%        N/A       8%          4

Your spell library contained the following spells:

 Spells                   Type           Power      Damage    Failure   Level
 Frozen Ramparts          Ice            38%        1d6       4%          3
 Ensorcelled Hibernation  Hex/Ice        20%        N/A       9%          2
 Spider Form              Tmut/Pois      14%        N/A       10%         3
 Blade Hands              Tmut           13%        N/A       12%         5
 Petrify                  Tmut/Erth      14%        N/A       32%         4
 Cigotuvi's Dreadful Rot  Necr/Pois/Air  2%         N/A       36%         2
 Poisonous Vapours        Pois/Air       2%         N/A       36%         2
 Static Discharge         Conj/Air       2%         2-3/arc   36%         2
 Summon Ice Beast         Ice/Summ       10%        N/A       52%         4
 Kindle Blastsparks       Fire/Tloc/Air  2%         2d10      58%         3
 Mephitic Cloud           Conj/Pois/Air  1%         N/A       58%         3
 Portal Projectile        Hex/Tloc       2%         N/A       58%         3
 Stone Arrow              Conj/Erth      2%         3d7       58%         3
 Tukima's Dance           Hex            1%         N/A       58%         3
 Vhi's Electric Charge    Tloc/Air       2%         N/A       58%         3
 Anguish                  Hex/Necr       0%         N/A       94%         4
 Freezing Cloud           Conj/Ice/Air   3%         6-21      95%         5
 Arcjolt                  Conj/Air       0%         1d10      100%        5
 Lee's Rapid Deconstruct  Erth           0%         3d4*      100%        5
 Lightning Bolt           Conj/Air       0%         1d11      100%        5
 Summon Forest            Summ/Tloc      0%         N/A       100%        5
 Summon Mana Viper        Hex/Summ       1%         N/A       100%        5
 Monstrous Menagerie      Summ           0%         N/A       100%        7


Dungeon Overview and Level Annotations

Branches:
Dungeon (13/15)            Temple (0/1) D:6            Lair (5/5) D:9
  Swamp (0/4) Lair:2       Spider (1/4) Lair:3        Slime (0/5) Lair:5
    Orc (2/2) D:12            Elf (0/3) Orc:2        Vaults (0/5) D:13
  Sewer (visited)          Bailey (visited)

Altars:
Dithmenos
Kikubaaqudgha
Makhleb
Okawaru
Vehumet
Wu Jian
Xom
Yredelemnul
Zin
Jiyva
Lugonu

Shops:
Orc:2 :*[*(

Portals:
Abyss: Lair:5
Gauntlet: D:13

Annotations:
D:5 1 runed translucent door, NoOffense's ghost, novice TrMo
D:9 exclusion: statue
D:13 Azrael
Lair:3 1 runed translucent door, Regoshi's ghost, journeyman SpEn


Innate Abilities, Weirdness & Mutations

You have temporarily grown beastly horns and talons.
You can spit globs of acid.
Your golden yellow scales are hard. (AC +8)
You cannot fit into any form of body armour.
You have acidic saliva.
You are cold-blooded and may be slowed by cold attacks.
You are resistant to acid. (rCorr)
Your body sometimes deteriorates upon taking damage.


Message History

The jumping spider misses you.
You hit the jorogumo.
You tail-slap the jorogumo, but do no damage.
The jorogumo is moderately wounded.
You block the jorogumo's attack. The jumping spider barely misses you.
The jumping spider bites you but does no damage.
You hit the jorogumo. You tail-slap the jorogumo.
The jorogumo is moderately wounded.
The jorogumo hits you!!
You are poisoned.
You feel yourself slow down.
You slip backwards!
The jumping spider leaps!
Casting: Ice Form (dangerous; 8% risk of failure)
Confirm with . or Enter, or press ? or * to list all spells.
You grow a pair of large bovine horns.
Your feet morph into talons.
The +2 pair of slick slippers {slick, slippery, EV+5} melds into your body.
You feel very sick.
The jumping spider leaps!
The jorogumo hits you.
You are more poisoned.
You feel as though you will be slow longer.
The jorogumo hits you!
* * * LOW HITPOINT WARNING * * *
You feel as though you will be slow longer.
You feel better. The jumping spider barely misses you.
The jumping spider bites you but does no damage.
The jorogumo misses you. The jumping spider closely misses you.
The jumping spider misses you.
Aiming: Major Destruction (1% risk of failure)
Press: ? - help, Shift-Dir - straight line, f - jorogumo
Aim: a jorogumo (moderately wounded)
The bolt of fire hits the jorogumo!!
The jorogumo is heavily wounded.
The jumping spider barely misses you.
The jumping spider bites you but does no damage.
The jorogumo casts a spell at you. The stream of webbing misses you.
The jumping spider completely misses you.
The jumping spider closely misses you.
The jorogumo stares at you and mumbles some strange words.
The bolt of negative energy hits you!!!
You feel drained.
You die...

.#......[>.##....## ###..
####.##.#...#.....##### #..
..########.......##.#.# #.. ..##
###...##^.###.## ##.
...#####.#..^.###..^## #††
...##..........^^..## ##.
..........^#....##..# ###### #.
.....##...^.....^.#.####..#.####.
...#......#..^.H@^..#............
#.##.#....#.#.#^#s...##.###P#.#..
...#..##...#^##^.#.^^#### #####.P
...#.P###..^#^..^..^## ###
..#..## #...^.#..##..##
..##.####....^^.#^###.#
.###.#..#.........# ###
........#.....P.###
...##.....#.#####


You could see a jorogumo and a jumping spider.

Vanquished Creatures
  An orc warlord (Orc:2)
  Snorg (Lair:3)
  A hydra (Lair:2)
  A catoblepas (Lair:4)
  A centaur warrior (D:12)
  2 death yaks (Lair:2)
  2 two-headed ogres
  A boulder beetle (Lair:4)
  2 thrashing horrors (Lair:5)
  4 orc high priests (Orc:2)
  3 orc knights (Orc:2)
  8 ugly things
  A wolf spider (Spider:1)
  A deep elf pyromancer (D:12)
  3 orc sorcerers (Orc:2)
  A will-o-the-wisp (Lair:2)
  A moth of wrath (Spider:1)
  A salamander (shapeshifter) (Lair:5)
  15 elephants
  A cane toad (shapeshifter) (Lair:5)
  A smoke demon (Lair:5)
  A demonic crawler (Lair:3)
  An unseen horror (D:11)
  2 rime drakes (Lair:1)
  11 cane toads
  10 komodo dragons
  2 tengu conjurers (D:12)
  2 ancient zymes (Lair:5)
  A polar bear (Lair:3)
  9 trolls
  A tarantella (Spider:1)
  2 large abominations (Lair:5)
  27 blink frogs
  Prince Ribbit (D:5)
  9 small abominations (Lair:5)
  A jumping spider (Lair:3)
  A spriggan (Lair:5)
  2 shadows (D:11)
  6 wraiths
  3 wyverns
  A hog (shapeshifter) (D:13)
  41 yaks
  Eustachio (D:6)
  4 basilisks
  3 chaos spawn (Lair:5)
  3 fire elementals (D:12)
  15 humans (D:12)
  3 redbacks
  8 wargs
  4 vampire mosquitoes (D:11)
  2 acid dragons
  10 water moccasins
  A hell hound (D:12)
  29 orc warriors
  A black bear (D:6)
  10 ogres
  2 sky beasts
  An ice beast (D:7)
  7 wolves
  10 centaurs
  7 kobold brigands
  2 phantoms
  2 necrophages
  14 bullfrogs
  2 scorpions
  14 wights
  8 killer bees
  2 electric eels (Lair:1)
  A quasit (D:8)
  Crazy Yiuf (D:6)
  2 hounds (D:6)
  A gnoll bouda (D:7)
  11 orc priests
  16 jellies
  3 iguanas
  17 orc wizards
  13 gnolls
  13 adders
  3 shadow imps
  3 ufetubi
  A worm (D:3)
  2 dart slugs (D:5)
  39 orcs
  16 ball pythons
  9 endoplasms
  4 giant cockroaches
  8 hobgoblins
  9 jackals
  28 kobolds
  10 quokkas
  6 bats
  11 frilled lizards
  7 goblins
  7 rats
592 creatures vanquished.

Vanquished Creatures (collateral kills)
  Josephine (D:10)
  2 hydras (Lair:5)
  A two-headed ogre (D:11)
  2 elephants (Lair:2)
  A cane toad (Lair:1)
  A komodo dragon (Lair:5)
  A polar bear (Lair:3)
  2 yaks (Lair:3)
  A wraith (D:10)
  An acid dragon (D:10)
  A water moccasin (Lair:3)
  4 orc warriors (Bailey)
  2 wolves (Lair:2)
  A centaur (D:9)
  3 kobold brigands (Bailey)
  An orc priest (D:9)
  2 orcs (D:9)
  2 kobolds (Bailey)
29 creatures vanquished.

Vanquished Creatures (others)
  6 foxfires (Lair:2)
  44 fungi
  28 plants
78 creatures vanquished.

Grand Total: 699 creatures vanquished

Notes
Turn   | Place    | Note
-------+----------+-------------------------------------------
     0 | D:1      | DeathSun the Draconian Transmuter began the quest for the
                  | Orb.
     0 | D:1      | Reached XP level 1. HP: 16/16 MP: 3/3
    35 | D:1      | Found a faded altar of an unknown god.
    73 | D:1      | Prayed at the altar of an unknown god.
    73 | D:1      | Became a worshipper of Makhleb the Destroyer
    73 | D:1      | Reached * piety under Makhleb
   228 | D:1      | Reached XP level 2. HP: 21/23 MP: 5/5
   632 | D:1      | Reached skill level 1 in Invocations
   710 | D:1      | Reached XP level 3. HP: 25/28 MP: 6/6
   960 | D:2      | Reached ** piety under Makhleb
  1128 | D:2      | Reached skill level 4 in Unarmed Combat
  1290 | D:2      | Reached XP level 4. HP: 34/35 MP: 7/7
  2157 | D:3      | Reached XP level 5. HP: 30/40 MP: 8/8
  2769 | D:4      | Found a shadowy altar of Dithmenos.
  2873 | D:4      | Identified the ring of the Everdark {rF+ Will+ EV+5 Slay+2}
  2921 | D:4      | Reached *** piety under Makhleb
  3115 | D:4      | Found a glowing silver altar of Zin.
  3293 | D:5      | Entered Level 5 of the Dungeon
  3825 | D:4      | Reached skill level 5 in Unarmed Combat
  3954 | D:5      | Reached XP level 6. HP: 46/47 MP: 9/9
  3986 | D:5      | Found a runed translucent door.
  3988 | D:5      | Noticed NoOffense's ghost (novice TrMo)
  4033 | D:5      | Noticed Prince Ribbit
  4044 | D:5      | Killed Prince Ribbit
  4144 | D:5      | Reached skill level 6 in Unarmed Combat
  4144 | D:5      | Your scales start taking on a golden yellow colour.
  4144 | D:5      | Reached XP level 7. HP: 52/52 MP: 8/10
  4144 | D:5      | Gained mutation: You are resistant to acid. (rCorr) [Yellow
                  | Draconian growth]
  4373 | D:5      | Learned a level 2 spell: Wereblood
  4607 | D:5      | Found a burning altar of Makhleb.
  4813 | D:6      | Reached skill level 7 in Unarmed Combat
  5066 | D:6      | Noticed Eustachio
  5089 | D:5      | Reached XP level 8. HP: 39/59 MP: 9/11
  5202 | D:6      | Reached skill level 5 in Invocations
  5273 | D:6      | Found a basalt altar of Yredelemnul.
  5343 | D:6      | Reached skill level 8 in Unarmed Combat
  5343 | D:6      | Reached skill level 5 in Transmutations
  5356 | D:6      | Found a runed translucent door.
  5357 | D:6      | Noticed Crazy Yiuf
  5383 | D:6      | Found a glowing drain.
  5397 | Sewer    | Entered a sewer
  5572 | Sewer    | Reached **** piety under Makhleb
  5696 | Sewer    | Reached skill level 9 in Unarmed Combat
  5801 | D:6      | Killed Eustachio
  5802 | D:6      | Reached XP level 9. HP: 68/68 MP: 13/13
  6059 | D:6      | Found a staircase to the Ecumenical Temple.
  6148 | D:6      | Killed Crazy Yiuf
  6261 | D:7      | Found a flagged portal.
  6270 | Bailey   | Entered a bailey
  6333 | Bailey   | Reached skill level 10 in Unarmed Combat
  6336 | Bailey   | HP: 2/71 [orc warrior/+0 battleaxe (19)]
  6656 | Bailey   | Found a burning altar of Makhleb.
  6789 | D:7      | Reached skill level 5 in Fighting
  6935 | D:6      | Reached skill level 11 in Unarmed Combat
  7181 | D:7      | Found a shimmering altar of Xom.
  7441 | D:7      | Found an ancient bone altar of Kikubaaqudgha.
  7540 | D:8      | Reached XP level 10. HP: 76/81 MP: 13/15
  7678 | D:8      | You fall into a shaft and drop 2 floors!
  7678 | D:10     | Entered Level 10 of the Dungeon
  7863 | D:8      | Found an iron altar of Okawaru.
  7907 | D:8      | Found an ornate altar of the Wu Jian Council.
  7912 | D:8      | Reached skill level 12 in Unarmed Combat
  8506 | D:9      | Reached ***** piety under Makhleb
  8540 | D:9      | Found a staircase to the Lair.
  8682 | D:9      | Noticed a two-headed ogre
  8693 | D:9      | Noticed a brown ugly thing
  8899 | D:9      | Identified the ring "Oppimpir" {+Blink rElec Dex+6}
  9182 | D:9      | Reached skill level 13 in Unarmed Combat
  9268 | D:9      | Killed a brown ugly thing
  9419 | D:9      | Killed a two-headed ogre
  9420 | D:9      | Reached XP level 11. HP: 74/89 MP: 15/17
  9647 | D:9      | Found a radiant altar of Vehumet.
 10080 | D:10     | Noticed Josephine
 10101 | D:10     | Killed Josephine
 11152 | D:11     | Reached skill level 14 in Unarmed Combat
 11501 | D:11     | Noticed a cyan ugly thing
 11512 | D:11     | Killed a cyan ugly thing
 11513 | D:11     | Reached skill level 10 in Invocations
 11513 | D:11     | Reached skill level 1 in Evocations
 11724 | D:11     | Noticed a two-headed ogre
 12144 | D:11     | Learned a level 4 spell: Ice Form
 12186 | D:11     | Killed a two-headed ogre
 12601 | D:12     | Noticed a white ugly thing
 12610 | D:12     | Killed a white ugly thing
 12890 | D:12     | Reached XP level 12. HP: 82/103 MP: 16/19
 13530 | D:12     | Found a staircase to the Orcish Mines.
 13537 | Orc:1    | Entered Level 1 of the Orcish Mines
 13579 | D:13     | Found a gate leading to a gauntlet.
 13621 | D:13     | Noticed a centaur warrior
 13631 | D:13     | Noticed Azrael
 13647 | D:12     | Killed a centaur warrior
 13669 | D:13     | Noticed a two-headed ogre
 13696 | D:12     | Killed a two-headed ogre
 13920 | D:12     | Reached skill level 5 in Dodging
 14044 | D:13     | Found a gate to the Vaults.
 14170 | Lair:1   | Entered Level 1 of the Lair of Beasts
 14194 | Lair:1   | HP: 1/106 [cane toad (10)]
 14200 | Lair:1   | Reached skill level 10 in Fighting
 14466 | Lair:1   | Noticed a death yak
 14466 | Lair:1   | Noticed a death yak
 14637 | Lair:1   | Reached skill level 15 in Unarmed Combat
 14866 | Lair:1   | Reached skill level 1 in Ice Magic
 14918 | Lair:2   | Noticed a six-headed hydra
 14927 | Lair:2   | Killed a six-headed hydra
 15022 | Lair:2   | Reached XP level 13. HP: 113/113 MP: 18/21
 15125 | Lair:2   | Found a staircase to the Swamp.
 15848 | Lair:3   | Found a runed translucent door.
 15848 | Lair:3   | Found a shimmering altar of Xom.
 15848 | Lair:3   | Noticed Regoshi's ghost (journeyman SpEn)
 15899 | Lair:3   | Found a hole to the Spider Nest.
 15904 | Lair:3   | Noticed Snorg
 15920 | Lair:3   | Killed Snorg
 15971 | Lair:3   | Reached skill level 5 in Evocations
 16086 | Lair:3   | Reached skill level 5 in Ice Magic
 18367 | Lair:5   | Entered Level 5 of the Lair of Beasts
 18563 | Lair:5   | Gained mutation: You have acidic saliva. [Yellow Draconian
                  | growth]
 18563 | Lair:5   | Reached XP level 14. HP: 85/121 MP: 20/22
 18772 | Lair:5   | Found a staircase to the Slime Pits.
 18773 | Lair:5   | Found a viscous altar of Jiyva.
 18888 | Lair:5   | Reached ****** piety under Makhleb
 19022 | Lair:5   | Got the Handbook of Breath and Allies
 19100 | Lair:5   | Reached skill level 16 in Unarmed Combat
 19268 | Lair:5   | Found a corrupted altar of Lugonu.
 19268 | Lair:5   | Found a one-way gate to the infinite horrors of the Abyss.
 19278 | Lair:5   | Got the Lectures on the Frozen Mesa
 21014 | Orc:2    | Entered Level 2 of the Orcish Mines
 21053 | Orc:2    | Noticed an orc warlord
 21370 | Orc:2    | Found Bidghan's Assorted Antiques.
 21742 | Orc:2    | Found a staircase to the Elven Halls.
 21774 | Orc:2    | Gained mutation: Your body sometimes deteriorates upon
                  | taking damage. [a neqoxec]
 21787 | Orc:2    | Bought the +2 pair of slick slippers {slick, slippery,
                  | EV+5} for 1020 gold pieces
 21787 | Orc:2    | Found the +2 pair of slick slippers {slick, slippery, EV+5}
 21819 | Orc:2    | Found Belyrid's Antique Weapon Boutique.
 22068 | Orc:2    | Found Disewk's Book Shoppe.
 22333 | Orc:2    | Killed an orc warlord
 22655 | Orc:2    | Found Puphuw's General Store.
 22750 | Orc:2    | Found Wigige's Antique Armour Shoppe.
 22758 | Orc:2    | Bought a runed scarf for 272 gold pieces
 23192 | Spider:1 | Entered Level 1 of the Spider Nest
 23726 | Lair:3   | Killed from afar by a jorogumo

Illustrated notes

Levels and vault maps discovered:
D:1:      erik_arrival_triangle_small, layout_loops_cross,
          hellmonk_ecumenical_altar_run_dry
D:2:      layout_basic
D:3:      layout_basic, columned_hall_lemuel
D:4:      layout_loops_ring, nicolae_overflow_hidden_temple, zin_treasury,
          serial_bayou_lagoon_a
D:5:      layout_basic, mainiacjoe_overflow_24_doors,
          hellmonk_ghost_happy_afterlife, uniq_prince_ribbit1
D:6:      layout_basic, mainiacjoe_overflow_alcove_2,
          minmay_temple_entry_statues_fountains, portal_sewer_entry_d,
          serial_park_tiny_2, hangedman_abyss_or_decor_stabs,
          uniq_crazy_yiuf_cottage, uniq_eustachio
D:7:      layout_cave_pools, overflow_temple_1_default, xom_confusion_cloud,
          enter_bailey_6, corexii_hall_statues_deadend
D:8:      layout_rooms, okawaru_metal_pillars_3,
          mainiacjoe_overflow_cross_hatched, serial_demonic, serial_demonic_e,
          serial_demonic_e, serial_demonic_a, serial_demonic_e
D:9:      layout_cave_pods, vehumet_statue, erik_lair_orcish_takeover,
          minmay_bent
D:10:     layout_basic, wad_floor_pattern_2, grunt_ministairs_13,
          chequers_serial_rivers_large_a, kennysheep_dice, uniq_josephine
D:11:     layout_layer_cave
D:12:     layout_long_grid, orc_0_dummy
D:13:     layout_cross, david_vaults_3, gauntlet_entry_generic,
          cheibrodos_ashenzari_chains, uniq_azrael
Lair:1:   layout_hall_layers, chequers_serial_rivers_micro_a,
          serial_bayou_ford_a
Lair:2:   layout_gridlike, minmay_swamp_entry_wisps,
          chequers_serial_rivers_room_a
Lair:3:   layout_loops_ring, spider_nest_entry_rubble, ebering_ghost_xom,
          uniq_snorg
Lair:4:   layout_small_grid, serial_bayou_shore_b
Lair:5:   hellmonk_lair_end_abyssal_woods, layout_hall_layers,
          minmay_slime_entry_jelly_boxes, grunt_megastairs_3
Spider:1: layout_spider_delve
Orc:1:    layout_caves, basic_altar
Orc:2:    grunt_orc_gardens, layout_diamond_mine, grunt_orc_garden,
          grunt_orc_garden, grunt_orc_garden, grunt_orc_garden, basic_altar,
          serial_shops, nicolae_shop_overgrown_old_shop

Skill      XL: |  1  2  3  4  5  6  7  8  9 10 11 12 13 14 |
---------------+-------------------------------------------+-----
Invocations    | 1 2 3 4 6 7 9 10 | 10.9
Unarmed Combat | 4 5 6 7 9 11 13 14 15 16 | 16.1
Transmutations | 3 4 5 9 |  9.9
Fighting       | 2 5 6 8 10 12 | 12.0
Dodging        | 3 5 6 8 |  8.5
Evocations     | 2 4 6 |  6.0
Ice Magic      | 2 6 7 |  7.0
Spellcasting   | |  2.0

Action                     |  1- 3 |  4- 6 |  7- 9 | 10-12 | 13-15 || total
---------------------------+-------+-------+-------+-------+-------++-------
  Melee: Unarmed           |   122 |   114 |   245 |   527 |   740 ||  1748
         Tailslap          |    12 |    12 |    26 |    95 |   136 ||   281
         Punch             |     2 |       |     3 |    54 |    92 ||   151
         Headbutt          |     3 |     8 |    21 |    66 |   132 ||   230
         Kick              |     1 |    10 |    43 |   140 |   243 ||   437
         Bite              |       |       |       |       |    59 ||    59
   Cast: Beastly Appendage |     2 |    11 |    34 |    39 |    64 ||   150
         Wereblood         |       |       |     4 |    27 |    43 ||    74
         Ice Form          |       |       |       |       |     3 ||     3
 Invoke: Minor Destruction |       |    43 |    72 |   120 |    37 ||   272
         Lesser Servant of |       |       |     6 |     7 |     8 ||    21
         Major Destruction |       |       |       |       |     3 ||     3
Ability: Breathe Acid      |       |       |     6 |     4 |     2 ||    12
    Use: Potion            |       |     3 |     1 |     5 |     1 ||    10
         Scroll            |       |     9 |     1 |     5 |     2 ||    17
   Stab: Sleeping          |       |     3 |       |       |       ||     3
         Distracted        |       |       |       |     1 |     1 ||     2
 Armour: Skin              |    36 |    34 |    91 |   127 |    99 ||   387
  Dodge: Dodged            |    65 |    69 |   232 |   490 |   533 ||  1389
  Block: Other             |       |       |       |   103 |   128 ||   231
         Reflection        |       |       |       |     8 |     3 ||    11

Table legend: (Time is in decaauts)
 A = Elapsed time spent in this place.
 B = Non-inter-level travel time spent in this place.
 C = Inter-level travel time spent in this place.
 D = Time resting spent in this place.
 E = Time spent auto-exploring this place.
 F = Levels seen in this place.
 G = Mean time per level.
                   A        B        C        D        E       F      G
               +--------+--------+--------+--------+--------+-----+--------+
         Total |  23467 |  21868 |   1599 |      0 |  16947 |  23 | 1020.3 |
       Dungeon |  13935 |  12771 |   1164 |      0 |  10128 |  13 | 1071.9 |
          Lair |   6233 |   5871 |    362 |      0 |   4464 |   5 | 1246.6 |
   Spider Nest |     92 |     92 |      0 |      0 |     36 |   1 |   92.0 |
  Orcish Mines |   2358 |   2286 |     72 |      0 |   1789 |   2 | 1179.0 |
         Sewer |    385 |    385 |      0 |      0 |    192 |   1 |  385.0 |
        Bailey |    462 |    462 |      0 |      0 |    336 |   1 |  462.0 |
               +--------+--------+--------+--------+--------+-----+--------+

Top non-repeatable levels by time:
     D:9: 1957 daAuts
  Lair:4: 1689 daAuts
   Orc:2: 1645 daAuts
    D:11: 1623 daAuts
  Lair:5: 1591 daAuts
    D:12: 1440 daAuts
  Lair:3: 1376 daAuts
     D:6: 1230 daAuts
    D:10: 1213 daAuts
     D:4: 1136 daAuts
     D:5: 1110 daAuts
     D:2: 1066 daAuts
  Lair:2: 940 daAuts
     D:8: 904 daAuts
     D:1: 840 daAuts
